 Dungeon Crawl Stone Soup version 0.26.1-11-gd32895ea62 (webtiles) character file.

Game seed: 6031427133414245854

311814 mcveat the Slayer (level 20, -1/206 HPs)
             Began as a Minotaur Berserker on June 3, 2021.
             Was a High Priest of Trog.
             Killed from afar by a deep elf annihilator (40 damage)
             ... with an iron shot
             ... led by a deep elf high priest
             ... on level 1 of the Elven Halls on June 9, 2021.
             The game lasted 08:49:49 (49987 turns).

mcveat the Slayer (Minotaur Berserker)             Turns: 49987, Time: 08:49:49

Health: -1/206     AC: 31    Str: 27    XL:     20   Next: 77%
Magic:  19/19      EV: 20    Int:  4    God:    Trog [*****.]
Gold:   3927       SH: 30    Dex: 25    Spells: 19/19 levels left

rFire    . . .     SeeInvis .   a - +4 eveningstar (drain)
rCold    . . .     Faith    .   X - +1 tower shield
rNeg     . . .     Spirit   .   u - +10 plate armour of Fabulous Mirth {*Corrode +Inv rPois Str-4}
rPois    +         Reflect  +   (helmet restricted)
rElec    .         Harm     .   R - +1 cloak {Will+}
rCorr    .         Rampage  .   K - +2 pair of gloves {Dex+3}
Will     ++++.                  g - +0 pair of boots
Stlth    ..........             q - amulet of reflection
HPRegen  1.44/turn              i - +6 ring of dexterity
MPRegen  0.16/turn              P - +6 ring of strength

@: corroded, regenerating, studying 2 skills
A: retaliatory headbutt, horns 2
}: 1/15 runes: gossamer
a: Renounce Religion, Evoke Invisibility, Berserk, Trog's Hand, Brothers in Arms


You were on level 1 of the Elven Halls.
You worshipped Trog.
Trog was extremely pleased with you.
You visited 7 branches of the dungeon, and saw 36 of its levels.
You visited the Abyss 1 time.
You also visited: Trove.

You collected 5961 gold pieces.
You spent 2034 gold pieces at shops.

Inventory:

Hand Weapons
 a - a +4 eveningstar of draining (weapon)
 b - a +0 hunting sling
 o - a +2 great mace
 s - a +4 antimagic flail
 N - a +7 demon whip
Missiles
 e - 921 stones (quivered)
 J - 19 sling bullets
Armour
 g - a +0 pair of boots (worn)
 u - the +10 plate armour of Fabulous Mirth (worn) {*Corrode +Inv rPois Str-4}
   (You found it on level 8 of the Dungeon)

   It affects your strength (-4).
   It protects you from poison.
   It lets you turn invisible.
   It may corrode you when you take damage.
 K - a +2 pair of gloves of dexterity (worn)
 R - a +1 cloak of willpower (worn)
 X - a +1 tower shield (worn)
Jewellery
 i - a +6 ring of dexterity (left hand)
 q - an amulet of reflection (around neck)
 P - a +6 ring of strength (right hand)
Wands
 y - a wand of acid (19)
 H - a wand of digging (10)
 L - a wand of disintegration (34)
 M - a wand of enslavement (7)
 Q - a wand of flame (98)
 Y - a wand of iceblast (16)
 Z - a wand of paralysis (29)
Scrolls
 d - 2 scrolls of enchant weapon
 h - a scroll of brand weapon
 j - 12 scrolls of teleportation
 k - a scroll of enchant armour
 l - 7 scrolls of identify
 m - 2 scrolls of blinking
 n - 14 scrolls of remove curse
 p - a scroll of holy word
 r - 10 scrolls of magic mapping
 O - 7 scrolls of immolation
 T - 4 scrolls of fear
 V - 2 scrolls of fog
Potions
 t - 2 potions of cancellation
 v - 6 potions of brilliance
 w - 13 potions of curing
 x - 2 potions of flight
 z - 12 potions of heal wounds
 B - 5 potions of berserk rage
 C - 9 potions of lignification
 D - a potion of might
 E - 3 potions of mutation
 F - 7 potions of invisibility
 G - 2 potions of haste
 I - 4 potions of resistance
 U - 2 potions of magic
 W - 3 potions of ambrosia
Books
 c - a manual of Stealth
 f - a manual of Fighting
Miscellaneous
 A - a condenser vane


   Skills:
 * Level 23.8 Fighting
 - Level 16.0 Maces & Flails
 - Level 10.4(12.2) Slings
 - Level 9.9(11.4) Throwing
 + Level 16.6 Armour
 + Level 15.5 Dodging
 - Level 3.9 Stealth
 * Level 19.7 Shields


You had 19 spell levels left.
You didn't know any spells.
Your spell library contained the following spells:

 Spells                   Type           Power        Failure   Level
 Animate Skeleton         Necr           0%           100%        1
 Apportation              Tloc           0%           100%        1
 Corona                   Hex            0%           100%        1
 Foxfire                  Conj/Fire      0%           100%        1
 Freeze                   Ice            0%           100%        1
 Magic Dart               Conj           0%           100%        1
 Pain                     Necr           0%           100%        1
 Sandblast                Erth           0%           100%        1
 Shock                    Conj/Air       0%           100%        1
 Summon Small Mammal      Summ           0%           100%        1
 Blink                    Tloc           N/A          100%        2
 Call Imp                 Summ           0%           100%        2
 Passwall                 Tmut/Erth      0%           100%        2
 Slow                     Hex            0%           100%        2
 Swiftness                Air            0%           100%        2
 Confusing Touch          Hex            0%           100%        3
 Conjure Flame            Conj/Fire      0%           100%        3
 Frozen Ramparts          Ice            0%           100%        3
 Gell's Gravitas          Tloc           0%           100%        3
 Inner Flame              Hex/Fire       0%           100%        3
 Mephitic Cloud           Conj/Pois/Air  0%           100%        3
 Ozocubu's Armour         Ice            0%           100%        3
 Static Discharge         Conj/Air       0%           100%        3
 Stone Arrow              Conj/Erth      0%           100%        3
 Vampiric Draining        Necr           0%           100%        3
 Airstrike                Air            0%           100%        4
 Animate Dead             Necr           0%           100%        4
 Hailstorm                Conj/Ice       0%           100%        4
 Petrify                  Tmut/Erth      0%           100%        4
 Sticky Flame             Conj/Fire      0%           100%        4
 Summon Ice Beast         Ice/Summ       0%           100%        4
 Agony                    Necr           0%           100%        5
 Fireball                 Conj/Fire      0%           100%        5
 Irradiate                Conj/Tmut      0%           100%        5
 Lee's Rapid Deconstruct  Erth           0%           100%        5
 Lightning Bolt           Conj/Air       0%           100%        5
 Metabolic Englaciation   Hex/Ice        0%           100%        5
 Yara's Violent Unravell  Hex/Tmut       0%           100%        5
 Hydra Form               Tmut           0%           100%        6
 Statue Form              Tmut/Erth      0%           100%        6
 Dragon Form              Tmut           0%           100%        7
 Haunt                    Necr/Summ      0%           100%        7
 Borgnjor's Revivificati  Necr           0%           100%        8
 Infestation              Necr           0%           100%        8
 Necromutation            Tmut/Necr      0%           100%        8
 Death's Door             Necr           0%           100%        9


Dungeon Overview and Level Annotations

Branches:
Dungeon (15/15)            Temple (0/1) D:4            Lair (6/6) D:8
 Shoals (3/4) Lair:2       Spider (4/4) Lair:2        Slime (0/5) Lair:6
    Orc (2/2) D:11            Elf (2/3) Orc:2        Vaults (4/5) D:13
  Crypt (0/3) Vaults:2     Depths (0/5) D:15

Altars:
Ashenzari
Fedhas
Gozag
Makhleb
Qazlal
Ru
Trog
Uskayaw
Wu Jian
Yredelemnul
Beogh
Jiyva

Shops:
D:7 ([[   D:11 =   D:12 :   Orc:2 [!}=   Vaults:1 (   Vaults:4 ([[[=:*

Annotations:
Lair:1 3 runed translucent doors, Zeld's ghost, journeyman OpNe
Lair:2 spider nest shoals
Lair:5 exclusion: oklob plant
Lair:6 slime pits
Shoals:1 Roxanne
Shoals:2 2 transporters, TacoSundae's ghost, adept DrCj
Orc:1 2 runed translucent doors, exclusion: orange crystal statue
Orc:2 3 runed translucent doors, buriedalive's ghost, journeyman DECj
Elf:1 Nikola
Vaults:1 treasure trove


Innate Abilities, Weirdness & Mutations

You reflexively headbutt those who attack you in melee.
You have a pair of horns on your head.


Message History

Nikola closely misses you.
You block the deep elf demonologist's attack.
You block the deep elf annihilator's attack.
The deep elf sorcerer points at you and mumbles some strange words.
The bolt of acid hits you but does no damage.
You are splashed with acid!
* * * LOW HITPOINT WARNING * * *
Your corrosive artefact corrodes you!
You climb upwards.
There is a stone staircase leading down here.
You feel better. You block Nikola's attack.
You block the deep elf demonologist's attack.
The deep elf annihilator hits you but does no damage.
Your two-headed ogre goes berserk!
You block Nikola's attack.
The deep elf demonologist barely misses you.
You furiously retaliate!
You headbutt the deep elf demonologist.
The deep elf annihilator casts a spell at you.
The iron shot hits you!!!
You die...

#.......#.....#######.#.#.#
.........#...##.....##....
###...##.#....#.....#.#.# .
#..##.......(......##.#######.#
#####............)...[.........#
#...#.#.............##.######..#
#...#..)#..[.......###.##...#..#
##...##@##......ee..#
#.#.###..##
.^#.#.))###....@@.### #..## #.#
...#).).# #...O......##..# .#
..#)#)..# ##.#.......###.## ##.#
##...#### #..........###.###..#
.e.(.# #..........# ##.....#
.#)..# ##..........# ##.#..#
.###'# #$.###.....####.#..##
..e# #.# ##.............# .#..#
##[..#####.####


You could see Nikola (drained), a deep elf annihilator, a deep elf demonologist
and a friendly two-headed ogre (summoned, berserk).

Vanquished Creatures
  A lich (Vaults:2)
  2 sphinxes
  A kraken (Shoals:2)
  A tentacled starspawn (Abyss:2)
  A tengu reaver (Vaults:4)
  Agnes (D:14)
  A fire giant (Vaults:3)
  2 deep elf sorcerers
  Louise (D:14)
  Aizul (Shoals:3)
  4 ghost moths
  17 vault wardens
  A ghoul (Vaults:4)
  4 emperor scorpions
  14 ironheart preservers
  4 stone giants
  A deep elf demonologist (Vaults:2)
  A vampire knight (Vaults:2)
  2 spark wasps (Spider:4)
  4 dire elephants (Lair:6)
  An ettin (Vaults:4)
  A merfolk javelineer (Shoals:2)
  A fire dragon (Vaults:2)
  6 deep elf death magi
  4 merfolk impalers
  6 yaktaur captains
  3 rakshasas
  2 ice dragons
  18 vault guards
  7 hydras
  9 boulder beetles
  A merfolk avatar (Shoals:2)
  6 centaur warriors
  An anaconda (Lair:6)
  5 death knights
  43 two-headed ogres
  5 merfolk aquamancers
  6 death yaks (Lair:6)
  4 dancing weapons (Elf:1)
  An alligator snapping turtle (Shoals:3)
  8 ogre magi
  5 orc high priests
  A satyr (Shoals:2)
  3 tengu warriors
  8 deep elf knights
  2 hell knights (Vaults:4)
  4 skeletal warriors
  A wretched star (Abyss:2)
  A fire crab (shapeshifter) (Vaults:3)
  4 glowing orange brains
  16 sea snakes
  An unseen horror (D:14)
  5 deep trolls
  A lindwurm (Lair:6)
  A flayed ghost (Vaults:2)
  15 orc knights
  2 wizards (Vaults:2)
  23 harpies
  2 phantasmal warriors (Vaults:4)
  15 deep elf archers
  12 orb spiders
  3 necromancers (Vaults:4)
  34 deep elf magi
  4 orc sorcerers
  11 ironbrand convokers
  29 wolf spiders
  A salamander (shapeshifter) (Vaults:4)
  6 manticores
  The ghost of Zeld the Ducker, a novice OpMo of Uskayaw (D:7)
  17 ugly things
  2 moths of wrath
  10 elephants
  3 fauns
  16 cyclopes
  11 vault sentinels
  4 water nymphs
  4 merfolk sirens
  A torpor snail (Spider:3)
  Maurice (D:8)
  14 cane toads
  A yaktaur (shapeshifter) (D:15)
  2 efreet
  2 rime drakes
  12 freezing wraiths
  21 yaktaurs
  8 komodo dragons
  2 rime drakes (shapeshifter)
  9 demonic crawlers
  3 meliai (D:15)
  A meliai (shapeshifter) (D:15)
  A polar bear (shapeshifter) (Vaults:4)
  A tengu conjurer (D:14)
  5 trolls
  18 merfolk
  A jumping spider (shapeshifter) (Vaults:1)
  A queen bee (D:15)
  16 hornets
  A tengu simulacrum (Vaults:3)
  32 jumping spiders
  3 wind drakes
  3 blink frogs (Lair:2)
  4 polar bears
  12 slime creatures
  A snapping turtle (shapeshifter) (Elf:1)
  3 dream sheep (Shoals:2)
  A flying skull (Vaults:2)
  8 snapping turtles
  57 redbacks
  Sigmund (D:4)
  2 shadows
  10 water elementals
  3 wraiths
  18 tarantellas
  49 yaks
  A human (shapeshifter) (Vaults:4)
  Grum (D:11)
  3 basilisks
  A steam dragon (Lair:4)
  A wyvern (Lair:4)
  2 fire elementals (Elf:1)
  A human simulacrum (Vaults:3)
  9 vampire mosquitoes (D:14)
  3 acid dragons
  3 small abominations
  7 wargs
  A soldier ant (shapeshifter) (Vaults:1)
  15 ice beasts
  17 water moccasins
  5 sky beasts
  2 black bears
  36 orc warriors
  An ettin simulacrum (Vaults:1)
  7 boggarts (Vaults:1)
  A necrophage (D:5)
  8 centaurs
  13 wolves
  29 ogres
  2 phantoms
  2 big kobolds
  11 bullfrogs
  A wyvern zombie (D:6)
  4 scorpions
  A water moccasin skeleton (D:6)
  A wyvern skeleton (D:7)
  15 killer bees
  5 howler monkeys
  26 wights
  An electric eel (D:10)
  A centaur zombie (D:8)
  A bullfrog zombie (D:9)
  7 hounds
  2 jellies
  27 orc priests
  8 centaur skeletons
  4 bullfrog skeletons
  Natasha (twice) (D:4)
  4 iguanas
  27 orc wizards
  14 worker ants
  A bullfrog simulacrum (D:10)
  A hound skeleton (D:8)
  A worker ant zombie (D:11)
  13 gnolls
  11 adders
  3 shadow imps
  5 white imps
  4 ufetubi
  2 worms
  2 dart slugs
  7 leopard geckos
  98 orcs
  3 bats
  8 giant cockroaches
  11 goblins
  8 hobgoblins
  7 jackals
  9 quokkas
  A ball python (D:1)
  2 frilled lizards (D:2)
  16 kobolds
  5 rats
  A starspawn tentacle (Abyss:2)
  2 tentacles (Shoals:2)
1362 creatures vanquished.

Vanquished Creatures (collateral kills)
  A tengu reaver (Vaults:2)
  An emperor scorpion (Spider:3)
  A deep elf sorcerer (Vaults:2)
  3 ironheart preservers
  Josephine (Lair:5)
  A yaktaur captain (Vaults:2)
  An ogre mage (Vaults:2)
  2 hydras
  A merfolk aquamancer (Shoals:3)
  A vault guard (Vaults:4)
  2 dancing weapons (D:13)
  A deep troll earth mage (Vaults:1)
  3 two-headed ogres (Vaults:2)
  An orc high priest (Orc:2)
  5 deep trolls (Vaults:2)
  A deep elf archer (Vaults:2)
  2 sea snakes (Shoals:3)
  A wizard (Vaults:2)
  2 orc knights (Orc:2)
  2 orb spiders (Spider:2)
  A wolf spider (Vaults:2)
  An orc sorcerer (Orc:2)
  4 ugly things
  A moth of wrath (Spider:4)
  2 black mambas
  2 vault sentinels
  3 elephants (Lair:5)
  2 yaktaurs (Vaults:4)
  A troll (D:10)
  2 jumping spiders
  3 hornets (Spider:4)
  A merfolk (Shoals:3)
  4 slime creatures (D:12)
  4 wraiths (Lair:5)
  A vampire (D:11)
  3 redbacks
  A basilisk (Lair:1)
  A warg (Vaults:2)
  A water moccasin (Lair:5)
  A soldier ant (D:13)
  An ice beast (D:12)
  2 howler monkeys (D:13)
  A quasit (D:12)
  An orc wizard (D:10)
  A jelly (D:10)
  3 orcs
81 creatures vanquished.

Vanquished Creatures (others)
  A rakshasa (Vaults:2)
  An ogre mage (Vaults:3)
  2 deep elf knights
  A sea snake (Shoals:3)
  A wizard (Vaults:1)
  A deep elf mage (Elf:1)
  A boggart (Vaults:1)
  An orc priest (Vaults:4)
  Natasha (D:4)
  2 orc wizards
  A leopard gecko (D:10)
  24 fungi
  104 plants
  A starspawn tentacle (Abyss:2)
  10 tentacles (Shoals:2)
152 creatures vanquished.

Grand Total: 1595 creatures vanquished

Notes
Turn   | Place    | Note
-------+----------+-------------------------------------------
     0 | D:1      | mcveat the Minotaur Berserker began the quest for the Orb.
     0 | D:1      | Reached XP level 1. HP: 19/19 MP: 0/0
   229 | D:1      | Reached XP level 2. HP: 24/27 MP: 1/1
   482 | D:1      | Reached skill level 1 in Stealth
   937 | D:2      | Found a sacrificial altar of Ru.
  1003 | D:2      | Reached XP level 3. HP: 31/33 MP: 2/2
  1066 | D:2      | Reached skill level 4 in Fighting
  1213 | D:2      | Reached ** piety under Trog
  1735 | D:3      | Reached XP level 4. HP: 37/40 MP: 3/3
  2762 | D:3      | Found a broken altar of Ashenzari.
  2797 | D:3      | Reached XP level 5. HP: 47/47 MP: 4/4
  3098 | D:3      | Found a bloodstained altar of Trog.
  3124 | D:3      | Found a basalt altar of Yredelemnul.
  3130 | D:3      | Found a hide-covered altar of Uskayaw.
  3287 | D:4      | Noticed an ogre
  3296 | D:4      | Killed an ogre
  3297 | D:4      | Reached XP level 6. HP: 49/53 MP: 5/5
  3483 | D:4      | Noticed Natasha
  3492 | D:4      | Killed Natasha
  3582 | D:4      | Found a staircase to the Ecumenical Temple.
  3582 | D:4      | Noticed Sigmund
  3588 | D:4      | Noticed a sky beast
  3596 | D:4      | Killed Sigmund
  3597 | D:4      | Reached skill level 5 in Fighting
  3597 | D:4      | Reached skill level 5 in Maces & Flails
  3597 | D:4      | Reached XP level 7. HP: 61/61 MP: 6/6
  4087 | D:4      | Noticed Natasha
  4097 | D:4      | Killed Natasha
  4217 | D:4      | Reached skill level 1 in Shields
  4619 | D:4      | Noticed Natasha
  4646 | D:4      | Killed Natasha
  4646 | D:4      | Reached *** piety under Trog
  5228 | D:5      | Entered Level 5 of the Dungeon
  5267 | D:5      | Reached skill level 6 in Fighting
  5417 | D:5      | Reached skill level 5 in Armour
  5417 | D:5      | Reached XP level 8. HP: 70/70 MP: 7/7
  5450 | D:5      | Reached skill level 1 in Throwing
  5708 | D:5      | Reached skill level 1 in Slings
  6464 | D:6      | Reached skill level 5 in Dodging
  6509 | D:6      | Reached skill level 7 in Fighting
  6542 | D:6      | Got a smoking flail
  6543 | D:6      | Identified the cursed +1 flail of Bright Responsibility
                  | {venom, Str+3 Dex+3} (You found it on level 6 of the
                  | Dungeon)
  6703 | D:6      | Found a burning altar of Makhleb.
  6703 | D:6      | Found a sacrificial altar of Ru.
  6704 | D:6      | Found an opulent altar of Gozag.
  6859 | D:6      | Found a stormy altar of Qazlal.
  7245 | D:6      | Reached XP level 9. HP: 78/78 MP: 4/8
  7589 | D:7      | Reached skill level 8 in Fighting
  7597 | D:7      | Found Kionk's Antique Armour Boutique.
  7603 | D:7      | Bought a pair of runed gloves for 225 gold pieces
  7734 | D:7      | Found Ratynax's Gadget Boutique.
  7918 | D:7      | Found Jumuipt's Armour Emporium.
  7926 | D:7      | Bought a +0 tower shield for 49 gold pieces
  8130 | D:7      | Found a runed translucent door.
  8131 | D:7      | Noticed Zeld's ghost (novice OpMo)
  8143 | D:7      | Killed Zeld's ghost
  8328 | D:7      | Found Fadaeq's Antique Weapon Emporium.
  8450 | D:8      | Reached skill level 9 in Fighting
  8950 | D:8      | Noticed Maurice
  8957 | D:8      | Killed Maurice
  8958 | D:8      | Reached skill level 5 in Shields
  8958 | D:8      | Reached XP level 10. HP: 91/91 MP: 9/9
  9057 | D:8      | Found an ornate altar of the Wu Jian Council.
  9280 | D:8      | Reached **** piety under Trog
  9325 | D:8      | Got a transparent plate armour
  9336 | D:8      | Identified the +10 plate armour of Fabulous Mirth {*Corrode
                  | +Inv rPois Str-4} (You found it on level 8 of the Dungeon)
  9777 | D:8      | Found a staircase to the Lair.
 10603 | D:9      | You fall into a shaft and drop 2 floors!
 10613 | D:11     | Noticed a two-headed ogre
 10617 | D:11     | Killed a two-headed ogre
 10618 | D:11     | Reached skill level 10 in Fighting
 10656 | D:10     | Entered Level 10 of the Dungeon
 10711 | D:10     | Reached skill level 5 in Slings
 10858 | D:10     | Noticed a two-headed ogre
 10865 | D:10     | Killed a two-headed ogre
 11579 | D:10     | Reached XP level 11. HP: 96/101 MP: 10/10
 11986 | D:10     | Reached skill level 5 in Throwing
 12450 | D:11     | Noticed a two-headed ogre
 12457 | D:11     | Killed a two-headed ogre
 12458 | D:11     | Reached skill level 11 in Fighting
 12627 | D:11     | Noticed a purple ugly thing
 12644 | D:11     | Killed a purple ugly thing
 13131 | D:11     | Found Innedina's Jewellery Emporium.
 13132 | D:11     | Noticed a cyan ugly thing
 13137 | D:11     | Killed a cyan ugly thing
 13349 | D:11     | Reached ***** piety under Trog
 13351 | D:11     | Noticed Grum
 13382 | D:11     | Killed Grum
 13505 | D:11     | Found a staircase to the Orcish Mines.
 13507 | D:11     | Found a roughly hewn altar of Beogh.
 13887 | D:12     | Noticed a deep elf mage
 13906 | D:12     | Killed a deep elf mage
 14033 | D:12     | Reached skill level 12 in Fighting
 14159 | D:12     | Reached XP level 12. HP: 99/112 MP: 8/11
 14236 | D:12     | Found Nestri Ituw's Book Shop.
 14241 | D:12     | Found a broken altar of Ashenzari.
 14326 | D:12     | Found a frozen archway.
 14413 | D:12     | Noticed a boulder beetle
 14430 | D:12     | Killed a boulder beetle
 14930 | Lair:1   | Entered Level 1 of the Lair of Beasts
 15211 | Lair:1   | Noticed a five-headed hydra
 15222 | Lair:1   | Killed a five-headed hydra
 15403 | Lair:1   | Found a runed translucent gate.
 15404 | Lair:1   | Found a runed translucent gate.
 15405 | Lair:1   | Found a runed translucent gate.
 15406 | Lair:1   | Noticed Zeld's ghost (journeyman OpNe)
 15977 | Lair:2   | Found a hole to the Spider Nest.
 16051 | Lair:2   | Reached skill level 10 in Maces & Flails
 16154 | Lair:2   | Reached skill level 13 in Fighting
 16648 | Lair:2   | Found a staircase to the Shoals.
 17976 | Lair:3   | Received a gift from Trog
 18132 | Lair:3   | Reached XP level 13. HP: 100/122 MP: 9/12
 18372 | Lair:4   | Reached skill level 10 in Armour
 19050 | Lair:5   | Found a blossoming altar of Fedhas.
 19258 | Lair:5   | Noticed Josephine
 19265 | Lair:5   | Killed Josephine
 20086 | Lair:6   | Entered Level 6 of the Lair of Beasts
 20231 | Lair:6   | Reached skill level 14 in Fighting
 21049 | Lair:6   | Reached skill level 10 in Dodging
 21066 | Lair:6   | Reached skill level 10 in Shields
 21083 | Lair:6   | Reached XP level 14. HP: 71/133 MP: 7/13
 21544 | Lair:6   | Found a viscous altar of Jiyva.
 21545 | Lair:6   | Found a staircase to the Slime Pits.
 22765 | Orc:1    | Entered Level 1 of the Orcish Mines
 22765 | Orc:1    | Found a runed translucent door.
 22796 | Orc:1    | Found the +10 tower shield of Ignorance {rN+ Int-4}
 22801 | Orc:1    | Found a runed translucent door.
 22988 | Orc:2    | Entered Level 2 of the Orcish Mines
 23002 | Orc:2    | Reached skill level 15 in Fighting
 23019 | Orc:2    | Found a staircase to the Elven Halls.
 23466 | Orc:2    | Found Jowkoawn's Jewellery Boutique.
 24151 | D:13     | You fall into a shaft and drop 1 floor!
 24192 | D:14     | Noticed Agnes
 24285 | D:14     | Killed Agnes
 25105 | D:14     | Noticed Louise
 25142 | D:14     | Killed Louise
 25398 | D:15     | Entered Level 15 of the Dungeon
 25699 | D:15     | Reached XP level 15. HP: 143/143 MP: 14/14
 25929 | D:15     | Reached skill level 10 in Slings
 26247 | D:15     | Reached skill level 16 in Fighting
 26266 | D:15     | Found a staircase to the Depths.
 26520 | D:15     | Received a gift from Trog
 27658 | D:13     | Found a gate to the Vaults.
 28182 | Orc:2    | Found a runed translucent gate.
 28182 | Orc:2    | Found a runed translucent gate.
 28183 | Orc:2    | Noticed buriedalive's ghost (journeyman DECj)
 28250 | Orc:2    | Found a runed translucent gate.
 28611 | Orc:2    | Found Mearuod's Gadget Emporium.
 28778 | Orc:2    | Found Tuwkec's Distillery.
 28789 | Orc:2    | Found Vototy's Antique Armour Boutique.
 28795 | Orc:2    | Bought a potion of curing for 42 gold pieces
 28795 | Orc:2    | Bought a potion of curing for 42 gold pieces
 28809 | Orc:2    | Bought an uncursed ring of poison resistance for 260 gold
                  | pieces
 29781 | Spider:1 | Entered Level 1 of the Spider Nest
 30259 | Spider:1 | Received a gift from Trog
 30771 | Spider:2 | Reached ****** piety under Trog
 30942 | Spider:2 | Reached XP level 16. HP: 62/154 MP: 7/15
 31253 | Spider:2 | Reached skill level 17 in Fighting
 32226 | Spider:3 | Received a gift from Trog
 32695 | Shoals:1 | Entered Level 1 of the Shoals
 33111 | Shoals:1 | Noticed Roxanne
 34265 | Shoals:2 | Found a transporter.
 34269 | Shoals:2 | Noticed TacoSundae's ghost (adept DrCj)
 34297 | Shoals:2 | Received a gift from Trog
 34394 | Shoals:2 | Noticed a kraken
 34803 | Shoals:2 | Killed a kraken
 34804 | Shoals:2 | Reached skill level 18 in Fighting
 35460 | Shoals:2 | Found a transporter.
 35782 | Shoals:3 | Noticed Aizul
 35803 | Shoals:3 | Killed Aizul
 35943 | Shoals:3 | Reached XP level 17. HP: 165/165 MP: 16/16
 36009 | Shoals:3 | Received a gift from Trog
 37305 | Spider:4 | Entered Level 4 of the Spider Nest
 37647 | Spider:4 | Received a gift from Trog
 37944 | Spider:4 | Reached skill level 15 in Shields
 38251 | Spider:4 | Reached skill level 19 in Fighting
 38365 | Spider:4 | Got a gossamer rune of Zot
 39039 | Vaults:1 | Entered Level 1 of the Vaults
 39039 | Vaults:1 | Found Leleogad's Antique Weapon Boutique.
 39043 | Vaults:1 | Bought a glowing eveningstar for 666 gold pieces
 39079 | Vaults:1 | Received a gift from Trog
 39671 | Vaults:1 | Reached XP level 18. HP: 176/176 MP: 17/17
 40046 | Vaults:1 | You fall into a shaft and drop 1 floor!
 40370 | Vaults:2 | Reached skill level 15 in Maces & Flails
 40381 | Vaults:2 | Received a gift from Trog
 40393 | Vaults:2 | Identified the cursed +1 scale mail of Viecu {Rampage}
 40640 | Vaults:2 | HP: 4/178 [red devil/+0 trident[an ironheart preserver]
                  | (9)]
 40649 | Vaults:2 | HP: 5/178 [Executioner[an ironheart preserver] (7)]
 40654 | Vaults:2 | Noticed a lich
 41138 | Vaults:2 | Noticed an Ice Fiend
 41139 | Vaults:2 | Killed a lich
 41607 | Vaults:2 | Reached skill level 20 in Fighting
 41822 | Vaults:2 | Found a staircase to the Crypt.
 42133 | Vaults:2 | Reached skill level 15 in Armour
 42665 | Vaults:2 | Reached XP level 19. HP: 187/187 MP: 18/18
 42666 | Vaults:2 | Received a gift from Trog
 43200 | Vaults:1 | Found a portal to a secret trove of treasure.
 43242 | Trove    | Entered a treasure trove
 43499 | Vaults:1 | Cast into level 2 of the Abyss (a wizard)
 43499 | Abyss:2  | Found a corrupted altar of Lugonu.
 43656 | Vaults:1 | Escaped the Abyss
 43825 | Vaults:1 | Reached * piety under Trog
 44099 | Vaults:1 | Reached skill level 21 in Fighting
 45472 | Vaults:3 | Reached skill level 22 in Fighting
 46392 | Vaults:4 | Reached XP level 20. HP: 200/200 MP: 19/19
 46717 | Vaults:4 | Reached skill level 15 in Dodging
 47046 | Vaults:4 | Paralysed by a sphinx for 7 turns
 47294 | Vaults:4 | Found Gozag's Antique Armour Shoppe.
 47294 | Vaults:4 | Found Gozag's Antique Armour Shoppe.
 47600 | Vaults:4 | Reached skill level 23 in Fighting
 47600 | Vaults:4 | Found an opulent altar of Gozag.
 47629 | Vaults:4 | Found Gozag's Antique Weapon Emporium.
 47801 | Vaults:4 | Bought a pair of glowing gloves for 750 gold pieces
 47829 | Vaults:4 | Found Beorulati's Armour Shoppe.
 48727 | Vaults:4 | Found Leasaul's Book Shop.
 48738 | Vaults:4 | Found Uruxt's Jewellery Boutique.
 49064 | Vaults:4 | Found Viuripon's General Store.
 49330 | Elf:1    | Entered Level 1 of the Elven Halls
 49650 | Elf:1    | Received a gift from Trog
 49935 | Elf:1    | Identified the +1 pair of gloves "Juurchucih" {rPois rN+
                  | Dex-2}
 49935 | Elf:1    | Noticed Nikola
 49987 | Elf:1    | Killed from afar by a deep elf annihilator

Illustrated notes

Levels and vault maps discovered:
D:1:      nicolae_arrival_somewhat_less_tricky_arrival, layout_rooms,
          minmay_tetromino_l4
D:2:      layout_loops_cross, grunt_decor_one_mirror, nicolae_ru_awakened_eye
D:3:      layout_loops_cross, ashenzari_altar_1,
          minmay_overflow_temple_star_quad
D:4:      layout_basic, minmay_temple_entry_tees, cheibrodos_sewer_entry_bend,
          minmay_puff, uniq_natasha, uniq_sigmund
D:5:      layout_gridville, minmay_misc_feat_doors
D:6:      layout_basic, nicolae_overflow_quartered_altars
D:7:      layout_basic, serial_shops, nicolae_shop_stone,
          nicolae_shop_behind_doors, kennysheep_mini, shop,
          ebering_ghost_inner_flame
D:8:      layout_basic, kennysheep_mini_moat, david_lair_shrubbed, uniq_maurice
D:9:      layout_grid_maze
D:10:     layout_roguey, serial_ice, serial_ice_e, serial_ice_n, serial_ice_g,
          serial_ice_k
D:11:     layout_loops_corners, david_orc_5, serial_shops, shop,
          gauntlet_entry_generic, uniq_grum
D:12:     layout_cave_pools, portal_ice_cave_entry_ice_beasts, serial_shops,
          nicolae_shop_crystal, basic_altar, kennysheep_small_circle
D:13:     layout_irregular_city, erik_vaults_1, minmay_misc_feat_cross
D:14:     layout_loops_ring, nicolae_sextant, uniq_agnes, uniq_louise
D:15:     gammafunk_enter_depths_forms, layout_loops_ring, grunt_ministairs_8,
          nicolae_looking_at_the_future
Lair:1:   layout_regular_city, gammafunk_ghost_split
Lair:2:   layout_cave_pods, minmay_shoals_entry_lonely_mermaid,
          spider_nest_entry_rubble, grunt_megastairs_5,
          infiniplex_staircase_pool_2
Lair:3:   layout_gridlike, serial_bayou_pond_a, st_stairs_4
Lair:4:   layout_cave_shapes, grunt_megastairs_2, lemuel_fruit_fields
Lair:5:   wad_woods_04, layout_hall_layers, lemuel_oklob_altar,
          lemuel_fruit_tree, uniq_josephine
Lair:6:   due_jungle_book, layout_long_grid, dpeg_slime_entry_enclosed_altar,
          lemuel_old_faithful
Shoals:1: layout_shoals, st_shoals_ruin, uniq_roxanne
Shoals:2: layout_shoals, gammafunk_ghost_berserking_beasts
Shoals:3: cheibrodos_shoals_three_sisters, layout_shoals, uniq_aizul
Spider:1: layout_spider_delve
Spider:2: layout_spider_delve, guppyfry_hornet_nest
Spider:3: layout_spider_delve, drop_trap
Spider:4: spider_rune_water, drop_trap, nicolae_orb_stairs
Orc:1:    layout_caves, chequers_guarded_unrand_ignorance
Orc:2:    st_orc_elflike, layout_caves, gammafunk_ghost_split
Elf:1:    eino_elf_arrival_the_gate, layout_loops_ring,
          hangedman_elven_crosses_minicolossus, uniq_nikola
Elf:2:    layout_loops_cross, basic_altar
Vaults:1: nicolae_vaults_little_squares_1, vaults_room_semicircle,
          ontoclasm_vaults_misaligned, v_rooms_2,
          nicolae_vaults_disjoint_gnomons, nicolae_vaults_little_ls, v_misc_23,
          v_misc_27, hangedman_vaults_corner, v_misc_11,
          vaults_mumra_bighexcomb, nicolae_vaults_ring_of_whatevers,
          layout_vaults_maze, enter_trove_5, serial_shops, shop
Vaults:2: nicolae_vaults_quadrants, minmay_crypt_entry_simple_walls,
          nicolae_vaults_three_branches, vaults_dpeg_cross,
          vaults_mumra_minichess_inversion, v_alt_pattern_1,
          grunt_vaults_funnel, vaults_mumra_chevron_long, v_misc_10, v_misc_30,
          nicolae_vaults_little_squares_1, layout_vaults_omnicross
Vaults:3: vaults_room_pool, grunt_vaults_bifocal, ontoclasm_vaults_hangar,
          ontoclasm_vaults_gateway, nicolae_vaults_branching_niches,
          nicolae_vaults_hallways_thing, nicolae_vaults_mini_display_case,
          nicolae_vaults_little_squares_1, ontoclasm_vaults_pinch,
          ontoclasm_vaults_decontamination, layout_vaults_ring,
          infiniplex_enter_wizlab_glasses
Vaults:4: hangedman_vaults_stretched_pinwheel, grunt_vaults_trifunnel,
          ontoclasm_vaults_hangar, vaults_standard_mumra_x, v_rooms_4,
          v_rooms_1, vaults_dpeg_doors, hangedman_vaults_stretched_pinwheel,
          nicolae_vaults_network_barrier, v_pattern_3, vaults_room_door_ring,
          vaults_room_door_ring, kennysheep_vaults_gozag_temple,
          layout_vaults_omnibox, serial_shops, shop, nicolae_shop_behind_doors,
          nicolae_shop_trees, shop

Skill      XL: |  1  2  3  4  5  6  7  8  9 10 11 12 13 14 15 16 17 18 19 20 |
---------------+-------------------------------------------------------------+-----
Stealth        | 1 2 3 |  3.9
Fighting       | 4 5 6 7 9 10 12 13 14 15 16 18 19 20 22 23 | 23.8
Armour         | 3 4 5 6 7 8 9 10 11 12 13 14 15 16 | 16.6
Maces & Flails | 4 5 6 7 8 9 10 11 12 13 14 15 16 | 16.0
Dodging        | 3 4 5 6 7 8 9 10 11 12 13 14 15 | 15.5
Shields        | 2 3 5 6 7 8 10 11 12 14 15 17 18 19 | 19.7
Throwing       | 2 3 4 6 7 8 9 |  9.9
Slings         | 2 4 5 6 7 8 9 10 | 10.4

Action                   |  1- 3 |  4- 6 |  7- 9 | 10-12 | 13-15 | 16-18 | 19-21 || total
-------------------------+-------+-------+-------+-------+-------+-------+-------++-------
Melee: Mace              |    66 |    73 |   156 |       |       |       |       ||   295
       Headbutt          |     9 |    10 |    74 |   219 |   411 |   360 |   333 ||  1416
       Flail             |       |       |   123 |   569 |   726 |       |     2 ||  1420
       Morningstar       |       |       |       |       |    22 |       |       ||    22
       Eveningstar       |       |       |       |       |   243 |  1108 |   869 ||  2220
 Fire: Hunting sling     |       |       |       |    49 |   415 |   539 |   194 ||  1197
Throw: Stone             |    93 |    83 |   225 |   364 |   277 |   285 |   287 ||  1614
       Boomerang         |       |       |     6 |       |       |       |       ||     6
Invok: Berserk           |     3 |     5 |    12 |    11 |    22 |    21 |     9 ||    83
       Trog's Hand       |       |     2 |     1 |     3 |     5 |     7 |     5 ||    23
       Brothers in Arms  |       |       |       |     8 |    11 |     7 |     3 ||    29
  Use: Scroll            |     5 |       |     9 |    14 |    12 |    16 |     8 ||    64
       Potion            |       |       |       |       |     2 |     1 |     1 ||     4
 Stab: Distracted        |       |       |       |       |       |     2 |       ||     2
Armor: Animal skin       |     6 |       |       |       |       |       |       ||     6
       Ring mail         |     6 |     5 |       |       |       |       |       ||    11
       Chain mail        |       |    22 |   126 |     1 |       |       |       ||   149
       Plate armour      |       |       |       |   159 |   364 |   460 |   140 ||  1123
Dodge: Dodged            |    30 |    30 |   100 |   139 |   329 |   386 |   179 ||  1193
Block: Buckler           |       |     3 |    55 |       |       |       |       ||    58
       Tower shield      |       |       |    50 |   470 |  1019 |  1401 |   833 ||  3773
       Reflection        |       |       |       |       |       |   100 |   123 ||   223
